 Dungeon Crawl Stone Soup version 0.21.1-1-g345015f (webtiles) character file.

222 n0claF the Digger (level 5, -9/28 HPs)
             Began as a Gargoyle Earth Elementalist on June 22, 2018.
             Killed by divine providence
             ... invoked by an orc priest
              (14 damage)
             ... on level 3 of the Dungeon.
             The game lasted 00:16:13 (3076 turns).

n0claF the Digger (Gargoyle Earth Elementalist)     Turns: 3076, Time: 00:16:13

Health: -9/28      AC:  8    Str: 11    XL:     5   Next: 99%
Magic:  5/9        EV: 12    Int: 17    God:
Gold:   83         SH:  0    Dex: 10    Spells: 4/10 levels left

rFire    . . .     SeeInvis .   j - +1 dagger (venom)
rCold    . . .     Gourm    .   (no shield)
rNeg     + . .     Faith    .   c - +0 robe
rPois    ∞         Spirit   .   i - +2 hat
rElec    +         Reflect  .   (no cloak)
rCorr    .         Harm     .   (no gloves)
MR       .....                  (no boots)
Stlth    +.........             (no amulet)
HPRegen  0.09/turn              (no ring)
MPRegen  0.11/turn              (no ring)

@: very slightly contaminated, very slow
A: negative energy resistance 1, electricity resistance, unbreathing,
petrification resistance, rot immunity, AC +4
a: no special abilities


You were on level 3 of the Dungeon.
You were not hungry.

You visited 1 branch of the dungeon, and saw 3 of its levels.
You also visited: Sewer.

You collected 83 gold pieces.

Inventory:

Hand Weapons
 j - a +1 dagger of venom (weapon)
   (You took it off a kobold on level 1 of the Dungeon)
Armour
 c - a +0 robe (worn)
 i - a +2 hat (worn)
   (You found it on level 1 of the Dungeon)
 t - a cursed -2 pair of gloves
   (You found it on level 3 of the Dungeon)
Jewellery
 g - an uncursed ring of protection from fire {unknown}
   (You found it on level 2 of the Dungeon)
 p - a +4 amulet of reflection {unknown}
   (You found it on level 2 of the Dungeon)
Scrolls
 a - a scroll of enchant armour {unknown}
 b - 2 scrolls of fear {unknown}
 f - 2 scrolls of amnesia {unknown}
 m - a scroll of magic mapping {unknown}
 o - a scroll of remove curse {unknown}
 q - a scroll of teleportation {unknown}
 s - a scroll of blinking {unknown}
 u - a scroll of immolation {unknown}
Potions
 h - a potion of heal wounds {unknown}
 k - 2 potions of might {unknown}
 l - a potion of agility {unknown}
 n - a potion of haste {unknown}
 v - a potion of ambrosia {unknown}
Books
 d - a book of Geomancy
Comestibles
 e - 4 rations {!d}
 r - a chunk of flesh


   Skills:
 + Level 2.5 Dodging
 + Level 3.9 Stealth
 + Level 3.0 Spellcasting
 - Level 0.7 Transmutations
 * Level 5.4 Earth Magic


You had 4 spell levels left.
You knew the following spells:

 Your Spells              Type           Power        Failure   Level  Hunger
a - Sandblast             Erth           ###...       1%          1    None
b - Passwall              Tmut/Erth      ##........   8%          2    ##.....
c - Stone Arrow           Conj/Erth      ##....       17%         3    ###....


Dungeon Overview and Level Annotations

Branches:
Dungeon (3/15)

Altars:
Ashenzari
Cheibriados
Fedhas
Okawaru
Trog
Uskayaw


Innate Abilities, Weirdness & Mutations

You are resistant to torment.
Your stone body is resilient. (AC +4)
You are immune to poison.
You resist negative energy. (rN+)
You are resistant to electric shocks. (rElec)
You can survive without breathing.
You are immune to petrification.
You are immune to rotting.


Message History

You feel a strange surge of energy! The orc wizard casts a spell at you.
The magic dart hits you!
The orc priest looks encouraged for a moment.
Aim: an orc priest, wielding a flail The stone arrow misses the orc priest.
The orc wizard casts a spell at you.
You are confused.
You see here a dagger.
The orc wizard casts a spell at you.
You are more confused.
The orc priest looks satisfied for a moment.
The orc closely misses you.
You enter the shallow water.
Moving in this stuff is going to be slow.
The orc wizard mumbles some strange words.
The orc wizard flickers and vanishes!
Deactivating autopickup; reactivate with Ctrl-A.
The orc priest mumbles some strange prayers to Beogh against you.
Beogh smites you!
* * * LOW HITPOINT WARNING * * *
The orc priest mumbles some strange prayers to Beogh against you.
Beogh smites you!
* * * LOW HITPOINT WARNING * * *
The orc misses you.
The orc splashes around in the water.
The orc hits you but does no damage.
You enter the shallow water.
Moving in this stuff is going to be slow.
The orc priest casts a cantrip, but nothing happens.
You feel less confused. The orc wizard closely misses you.
The orc closely misses you. The orc wizard barely misses you.
You hit something. The orc hits you but does no damage.
Something hits you but does no damage.
The orc wizard hits you but does no damage.
The orc splashes around in the water.
You hear a splashing noise.
Something barely misses you.
You hear some strange, mumbled words.
Something tries to affect you, but you resist.
There is a collapsed entrance here.
You can't go down here!
Unknown command.
Unknown command.
You enter the shallow water.
Moving in this stuff is going to be slow.
The orc priest invokes the aid of Beogh against you.
Beogh smites you!
Ouch! That really hurt!
You die...

#.........#<.........#
...........##........##
.####.###..##.........#
###..##..#...)......# #
##........#...........
#.#..#...#..............
#....≈≈≈≈≈..............
#..#≈≈≈≈≈≈≈#............
#...≈≈≈@≈≈≈≈............
#...≈≈≈.≈≈≈...#.........
##..≈≈≈{oo≈.........##..
#.#≈≈≈oo≈≈#........#
#...≈≈≈≈≈...)......#
##..#≈..#..........#
##.......##.......##..
####.####...##.......
#.####.###........


You could see an orc priest, an orc wizard and 2 orcs.

Vanquished Creatures
  7 adders
  A gnoll (D:1)
  10 oozes
  2 worms (D:2)
  14 leopard geckos (Sewer)
  6 giant cockroaches
  9 goblins
  5 hobgoblins
  A quokka (D:2)
  9 ball pythons
  3 bats
  10 frilled lizards
  6 kobolds
  9 rats
92 creatures vanquished.

Vanquished Creatures (others)
  A kobold (D:3)
1 creature vanquished.

Grand Total: 93 creatures vanquished

Notes
Turn   | Place    | Note
-------+----------+-------------------------------------------
     0 | D:1      | n0claF the Gargoyle Earth Elementalist began the quest for the Orb.
     0 | D:1      | Reached XP level 1. HP: 10/10 MP: 3/3
   124 | D:1      | Reached XP level 2. HP: 13/15 MP: 0/5
   181 | D:1      | Learned a level 2 spell: Passwall
   370 | D:1      | Reached skill level 4 in Earth Magic
   421 | D:1      | Reached XP level 3. HP: 19/19 MP: 1/6
   534 | D:1      | Learned a level 3 spell: Stone Arrow
   940 | D:2      | Found a faded altar of an unknown god.
  1220 | D:2      | Found an iron altar of Okawaru.
  1426 | D:2      | Found a shattered altar of Ashenzari.
  1435 | D:2      | Reached XP level 4. HP: 24/24 MP: 0/7
  1504 | D:2      | Found a blossoming altar of Fedhas.
  1504 | D:2      | Found a snail-covered altar of Cheibriados.
  1507 | D:2      | Found a hide-covered altar of Uskayaw.
  1509 | D:2      | Found a bloodstained altar of Trog.
  2024 | D:3      | Found a glowing drain.
  2035 | Sewer    | Entered a sewer
  2140 | Sewer    | Reached XP level 5. HP: 28/28 MP: 2/9
  2199 | Sewer    | Reached skill level 5 in Earth Magic
  3076 | D:3      | Killed from afar by an orc priest

Skill      XL: |  1  2  3  4  5 |
---------------+----------------+-----
Earth Magic    | 4 5 |  5.4
Dodging        | 2 |  2.5
Stealth        | 3 |  3.9
Spellcasting   | 3 |  3.0
Transmutations | |  0.7

Action                   |  1- 3 |  4- 6 || total
-------------------------+-------+-------++-------
Melee: Unarmed           |    13 |       ||    13
       Dagger            |     7 |   158 ||   165
 Cast: Sandblast         |    44 |    19 ||    63
       Passwall          |     1 |       ||     1
       Stone Arrow       |     4 |    25 ||    29
  Eat: Chunk             |     3 |     9 ||    12
Armor: Robe              |     7 |    97 ||   104
Dodge: Dodged            |    19 |   135 ||   154
